 Dungeon Crawl Stone Soup version 0.16.0-18-g484a79e (webtiles) character file.

65 JustSomeDude the Grave Robber (level 3, -1/24 HPs)
             Began as a Demonspawn Necromancer on Mar 22, 2015.
             Slain by Ijyb
             ... wielding a +0 dagger
              (2 damage)
             ... on level 3 of the Dungeon.
             The game lasted 00:19:18 (1993 turns).

JustSomeDude the Grave Robber (DsNe)                Turns: 1993, Time: 00:19:18

Health: -1/24      AC:  2    Str:  8    XL:     3   Next: 94%
Magic:  0/6        EV: 12    Int: 17    God:
Gold:   62         SH:  0    Dex: 13    Spells: 1 memorised, 5 levels left

rFire  + . .     SeeInvis .     (no weapon)
rCold  + . .     Clarity  .     a - +0 robe
rNeg   . . .     SustAb   .     (no shield)
rPois  +         Gourm    .     (no helmet)
rElec  +         Spirit   +     (no cloak)
rCorr  +         Warding  .     (no gloves)
rMut   .         Stasis   .     (no boots)
MR     .....                    (no amulet)
Stlth  ++........               (no ring)
                                (no ring)

@: lethally poisoned (-1 -> -12), resistant, very slightly contaminated,
invisible, not resistant to hostile enchantments, unstealthy
A: magic shield
a: no special abilities


You were on level 3 of the Dungeon.
You were not hungry.

You visited 1 branch of the dungeon, and saw 3 of its levels.

You collected 62 gold pieces.

Inventory:

Hand weapons
 h - a +0 hunting sling
Missiles
 c - 5 tomahawks (quivered)
 d - 5 poisoned needles
 e - a throwing net
 i - 4 stones
Armour
 a - a +0 robe (worn)
 o - a +0 robe
Jewellery
 n - a cursed -2 ring of protection
Scrolls
 p - a scroll of remove curse
Potions
 k - a potion of agility
Books
 b - a book of Necromancy

   Spells                             Type                      Level
   a - Pain                           Necromancy                   1
   b - Animate Skeleton               Necromancy                   1
   c - Vampiric Draining              Necromancy                   3
   d - Regeneration                   Charms/Necromancy            3
   e - Animate Dead                   Necromancy                   4
   f - Control Undead                 Necromancy                   4
Comestibles
 f - 3 fruits
 j - a slice of pizza
 l - 4 chunks of flesh


   Skills:
 + Level 0.2 Fighting
 + Level 0.8 Throwing
 + Level 2.2 Dodging
 + Level 1.9 Stealth
 + Level 0.5 Unarmed Combat
 + Level 2.3 Spellcasting
 + Level 5.1 Necromancy


You had 5 spell levels left.
You knew the following spells:

 Your Spells              Type           Power        Failure   Level  Hunger
a - Pain                  Necr           ###.         2%          1    #......


Dungeon Overview and Level Annotations

Branches:
Dungeon (3/15)

Altars:

Annotations:
D:3 Ijyb; herpmino's ghost, average HOCK


Innate Abilities, Weirdness & Mutations

When hurt, damage is shared between your health and your magic reserves.


Message History

Drink which item? (? for menu, Esc to quit)
It was a potion of poison.
That liquid tasted very nasty...
You are lethally poisoned!
* * * LOW HITPOINT WARNING * * *
You feel sick. Ijyb hits you but does no damage.
The goblin hits you but does no damage.
Drink which item? (? for menu, Esc to quit)
You can't drink that!
Drink which item? (? for menu, Esc to quit)
It was a potion of invisibility.
You fade into invisibility!
* * * LOW HITPOINT WARNING * * *
You feel sick. Ijyb barely misses you. The goblin barely misses you.
You are very lightly contaminated with residual magic.
Drink which item? (? for menu, Esc to quit)
You feel protected.
* * * LOW HITPOINT WARNING * * *
You feel sick. Ijyb hits you with a dagger.
You die...

# #.## .... #..#
#..### #....# $.#.#
#g#.# #@#.#
#.#.####g#.#
$.......W..######
..#.#.##.#......##
#..................
########.#......##
#.#......#
#.######## #..


You could see Ijyb, herpmino's ghost and a goblin.

Vanquished Creatures
  2 adders (D:2)
  A worm (D:2)
  An adder skeleton (D:2)
  A giant gecko (D:2)
  3 bats
  A bat skeleton (D:2)
  2 bat zombies (D:2)
  6 hobgoblins
  A quokka (D:2)
  2 giant cockroaches (D:1)
  A giant cockroach zombie (D:2)
  A giant gecko skeleton (D:2)
  2 giant gecko zombies (D:2)
  2 giant newts (D:2)
  4 goblins
  7 kobolds
  A quokka zombie (D:2)
  2 rats (D:2)
40 creatures vanquished.

Notes
Turn   | Place    | Note
--------------------------------------------------------------
     0 | D:1      | JustSomeDude, the Demonspawn Necromancer, began the quest for the Orb.
     0 | D:1      | Reached XP level 1. HP: 13/13 MP: 3/3
   333 | D:1      | Gained mutation: When hurt, damage is shared between your health and your magic reserves. [demonic ancestry]
   333 | D:1      | Reached XP level 2. HP: 19/19 MP: 4/4
   987 | D:2      | Reached skill level 5 in Necromancy
  1357 | D:2      | Reached XP level 3. HP: 20/24 MP: 0/6
  1569 | D:2      | Upgraded the game from 0.16.0-17-g811c1d7 to 0.16.0-18-g484a79e
  1974 | D:3      | Noticed Ijyb
  1981 | D:3      | Noticed herpmino's ghost (average HOCK)
  1993 | D:3      | HP: 1/24 [poison (a potion of poison)]
  1993 | D:3      | Slain by Ijyb

Action                   || total
-------------------------++-------
Melee: Unarmed           ||   144
Throw: Tomahawk          ||    49
       Stone             ||     3
       Throwing net      ||     2
 Cast: Pain              ||    38
  Use: Potion            ||     9
       Scroll            ||     7
  Eat: Chunk             ||     1
       Bread ration      ||     1
       Fruit             ||     1
